 Dungeon Crawl Stone Soup version 0.30.1-11-g7821555f0a (webtiles) character file.

Game seed: 10654561760912052808

70 ChrisAssaf the Trooper (level 4, -1/35 HPs)
             Began as a Human Monk on Nov 13, 2023.
             Slain by a gnoll
             ... wielding a +0 spear
              (5 damage)
             ... on level 3 of the Dungeon.
             The game lasted 00:02:40 (612 turns).

ChrisAssaf the Trooper (Human Monk)                  Turns: 612, Time: 00:02:40

Health: -1/35      AC:  3    Str: 12    XL:     4   Next: 44%
Magic:  4/4        EV: 13    Int: 12    God:
Gold:   36         SH:  0    Dex: 15    Spells: 1/3 levels left

rFire   . . .        a - +0 spear
rCold   . . .        d - orb {light}
rNeg    . . .        b - +1 robe
rPois   .            (no helmet)
rElec   .            (no cloak)
rCorr   .            (no gloves)
SInv    .            (no boots)
Will    .....        (no amulet)
Stlth   +            (no ring)
HPRegen 0.25/turn    (no ring)
MPRegen 0.09/turn

%: no passive effects
@: glowing
A: no striking features
a: no special abilities


You were on level 3 of the Dungeon.
You visited 1 branch of the dungeon, and saw 3 of its levels.

You collected 36 gold pieces.

Inventory:

Hand Weapons
 a - a +0 spear (weapon)
Missiles
 f - 5 boomerangs (quivered)
 g - 3 poisoned darts
Armour
 b - a +1 robe (worn)
 d - an orb of light (worn)
Scrolls
 h - a scroll of noise
 k - a scroll of magic mapping
Potions
 c - a potion of ambrosia
 e - a potion of haste {unknown}
 i - a potion of curing {unknown}


   Skills:
 * Level 3.4 Fighting
 * Level 3.3(3.4) Polearms
 * Level 0.6(2.2) Staves
 * Level 0.2 Throwing
 * Level 1.0 Armour
 * Level 3.3 Dodging
 * Level 1.2 Stealth
 * Level 0.3 Spellcasting
 * Level 0.1 Transmutations
 * Level 0.2 Earth Magic


You had one spell level left.
You knew the following spells:

 Your Spells              Type           Power      Damage    Failure   Level
a - Passwall              Tmut/Erth      0%         N/A       41%         2

Your spell library contained the following spells:

 Spells                   Type           Power      Damage    Failure   Level
 Ensorcelled Hibernation  Hex/Ice        0%         N/A       45%         2
 Swiftness                Air            0%         N/A       69%         3


Dungeon Overview and Level Annotations

Branches:
Dungeon (3/15)

Altars:
Ashenzari

Annotations:
D:3 Terence


Message History

Aim: a gnoll, wielding a +0 club (haloed, 82% to hit)
You throw a boomerang. The boomerang hits the gnoll.
The gnoll is heavily wounded.
The gnoll hits you with a +0 club.
You hit the gnoll.
The gnoll is severely wounded.
The gnoll barely misses you. The gnoll hits you with a +0 club.
You completely miss the gnoll.
The gnoll is severely wounded.
The gnoll barely misses you. The gnoll completely misses you.
You barely miss the gnoll.
The gnoll is severely wounded.
The gnoll hits you from afar with a +0 spear.
The gnoll barely misses you.
You hit the gnoll.
You kill the gnoll!
The gnoll misses you. The gnoll hits you with a +0 spear.
The gnoll barely misses you.
Things that are here:
a +0 club; a gnoll corpse You hit the gnoll.
The gnoll is moderately wounded.
You hit the gnoll.
The gnoll is heavily wounded.
The gnoll closely misses you. x2
You hit the gnoll.
The gnoll is heavily wounded.
The gnoll hits you with a +0 spear.
The gnoll hits you from afar with a +0 spear!
You hit the gnoll.
The gnoll is severely wounded.
The gnoll hits you with a +0 spear.
* * * LOW HITPOINT WARNING * * *
The gnoll hits you but does no damage.
You hit the gnoll.
The gnoll is severely wounded.
The gnoll hits you with a +0 spear.
* * * LOW HITPOINT WARNING * * *
The gnoll hits you from afar with a +0 spear.
You die...

############ #
#..gg@.....# .#
#.########.##.. ##.##
#.....
#...#####.#.###.###
#g..g.#................
#g###...####.##.###....
##.## #.##.# . #.
#.##.# #. #.##.#


You could see 2 gnolls.

Vanquished Creatures
  A jelly (D:3)
  A gnoll (D:3)
  A worm (D:3)
  3 dart slugs (D:2)
  2 ball pythons (D:1)
  4 bats
  3 endoplasms
  A goblin (D:3)
  A jackal (D:1)
  2 kobolds (D:1)
  2 rats (D:2)
21 creatures vanquished.

Notes
Turn   | Place    | Note
-------+----------+-------------------------------------------
     0 | D:1      | ChrisAssaf the Human Monk began the quest for the Orb.
     0 | D:1      | Reached XP level 1. HP: 18/18 MP: 1/1
    77 | D:1      | Reached XP level 2. HP: 19/24 MP: 2/2
   326 | D:2      | Reached XP level 3. HP: 29/29 MP: 3/3
   338 | D:2      | Learned a level 2 spell: Passwall
   575 | D:3      | Noticed Terence
   578 | D:3      | Reached skill level 1 in Armour
   578 | D:3      | Reached skill level 1 in Stealth
   578 | D:3      | Reached XP level 4. HP: 35/35 MP: 4/4
   581 | D:3      | Found a broken altar of Ashenzari.
   612 | D:3      | Slain by a gnoll

Illustrated notes

Levels and vault maps discovered:
D:1:      ncdulo_smallfort, layout_rooms, minmay_tetromino_o4
D:2:      layout_basic
D:3:      layout_loops_ring, lemuel_coloured_pillars_altar,
          chequers_temple_overflow_statue_of_worship, uniq_terence

Skill      XL: |  1  2  3 |
---------------+----------+-----
Armour         | 1 |  1.0
Stealth        | 1 |  1.2
Fighting       | |  3.4
Polearms       | |  3.3
Staves         | |  0.6
Throwing       | |  0.2
Dodging        | |  3.3
Spellcasting   | |  0.3
Transmutations | |  0.1
Earth Magic    | |  0.2

Action                     |  1- 3 |  4- 6 || total
---------------------------+-------+-------++-------
  Melee: Spear             |    72 |     9 ||    81
  Throw: Boomerang         |     4 |     1 ||     5
    Use: Scroll            |     5 |     1 ||     6
 Armour: Robe              |    15 |     1 ||    16
  Dodge: Dodged            |    41 |    10 ||    51
